Map: 파라 사이트 - 래더

Players

Hurricane

  • Race: Protoss Protoss
  • League: Master
  • Spawn Location: 5:00

Classic - Winner!

  • Race: Protoss Protoss
  • League: Master
  • Spawn Location: 11:00

Event: IEM Season 13 - Katowice Server Qualifiers Asia 2

VOD

Have the link to the VOD?

Description

Time

  • Played on: Jan. 22, 2019, 5:07 a.m.
  • Length: 6:14

All games in this series

Show
View Real Time Build Order
Export as new Build Order

Hurricane Protoss 

Build Orders: Phoenix Opening 

Get SALT Encoding   

  12  0:00  Probe  
  13  0:13  Probe  
  14  0:16  Pylon  
  14  0:24  Probe  
  15  0:32  Probe  
  15  0:37  Gateway  
  15  0:40  Probe  
  16  0:46  Assimilator  
  17  0:50  Probe  
  17  0:54  Assimilator  
  18  0:59  Probe  
  19  1:06  Gateway  
  19  1:07  Probe  
  20  1:17  Probe  
  20  1:24  Cybernetics Core  
  21  1:29  Probe  
  22  1:40  Pylon  
  22  1:41  Probe  
  23  2:01  Adept x2  
  28  2:08  Stargate, Probe, Warp Gate  
  28  2:16  Pylon  
  28  2:35  Stalker x2  
  32  2:43  Phoenix  
  32  3:20  Probe  
  32  3:23  Phoenix  
  32  3:24  Nexus  
  30  3:32  Probe  
  31  3:42  Twilight Council  
  31  3:46  Probe  
  32  3:57  Phoenix  
  32  4:02  Probe  
  35  4:11  Pylon  
  35  4:15  Probe  
  36  4:28  Probe  
  33  4:32  Dark Shrine  
  33  4:37  Probe  
  34  4:39  Probe  
  35  4:46  Probe  
  35  4:47  Probe  
  37  4:54  Probe  
  37  4:55  Probe  
  39  5:03  Probe  
  39  5:05  Stalker  
  42  5:07  Stalker  
  42  5:08  Probe  
  45  5:16  Probe  
  45  5:17  Pylon  
  46  5:22  Probe  
  46  5:28  Probe  
  48  5:29  Stalker  
  48  5:33  Stalker  
  46  5:46  Dark Templar  
  42  5:53  Probe  
  42  5:57  Dark Templar  
  35  6:09  Dark Templar  
Show
View Real Time Build Order
Export as new Build Order

Classic Protoss - Winner!

Build Orders: Phoenix Opening 

Get SALT Encoding   

  12  0:00  Probe  
  13  0:12  Probe  
  14  0:17  Pylon  
  14  0:24  Probe  
  15  0:32  Probe  
  15  0:38  Gateway  
  15  0:40  Probe  
  16  0:45  Assimilator  
  17  0:51  Probe  
  17  0:54  Assimilator  
  18  0:59  Probe  
  19  1:07  Probe  
  20  1:12  Gateway  
  20  1:17  Probe  
  21  1:26  Cybernetics Core  
  21  1:29  Probe  
  22  1:34  Pylon  
  22  1:41  Probe  
  23  1:53  Probe  
  24  2:02  Adept x2  
  24  2:03  Warp Gate  
  28  2:09  Stargate  
  28  2:16  Pylon  
  28  2:32  Stalker x2  
  28  2:36  Probe  
  32  2:49  Phoenix  
  34  3:05  Shield Battery  
  33  3:18  Phoenix  
  31  3:30  Probe  
  32  3:36  Nexus  
  32  3:40  Pylon  
  32  3:41  Phoenix  
  34  3:50  Probe  
  34  3:55  Shield Battery  
  35  3:58  Phoenix  
  37  4:13  Stalker  
  37  4:15  Stalker  
  41  4:21  Phoenix  
  41  4:27  Probe  
  44  4:39  Phoenix, Pylon  
  46  4:56  Probe  
  46  4:57  Probe  
  48  5:03  Robotics Facility  
  48  5:08  Stalker  
  48  5:11  Stalker  
  52  5:15  Probe  
  52  5:17  Probe  
  54  5:27  Probe  
  55  5:29  Probe  
  56  5:39  Probe  
  56  5:41  Probe  
  58  5:46  Observer  
  54  5:51  Probe  
  54  5:52  Stalker x2  
  54  5:53  Probe  
  61  5:58  Pylon  
  62  6:10  Shield Battery  

Tags
 
Add a new tag
Caveats
  • Supply blocks, unpowered buildings, or Contaminate may cause inaccurate times.
  • Supply counts are checked every 10 seconds.